 Dungeon Crawl Stone Soup version 0.32-a0-18-g89e19f1974 (webtiles) character file.

Game seed: 1161266363699536376

39 Hellonello the Changeling (level 3, -3/23 HPs)
             Began as an Octopode Shapeshifter on Jan 16, 2024.
             Slain by Crazy Yiuf
             ... wielding a +3 quarterstaff of chaos
              (12 damage)
             ... on level 2 of the Dungeon.
             The game lasted 00:02:18 (1337 turns).

Hellonello the Changeling (Octopode Shapeshifter)   Turns: 1337, Time: 00:02:19

Health: -3/23      AC:  1    Str: 13    XL:     3   Next: 47%
Magic:  3/3        EV: 13    Int: 12    God:
Gold:   53         SH:  0    Dex: 13    Spells: 2/2 levels left

rFire   . .          .
                       - Unarmed
rCold   . . .        (no shield)
rNeg    . . .        (helmet currently unavailable)
rPois   .            (no amulet)
rElec   .            (no ring)
rCorr   .            (no ring)
SInv    .            (no ring)
Will    .....        (no ring)
Stlth   ++           (no ring)
HPRegen 0.23/turn    (no ring)
MPRegen 0.08/turn    (no ring)
                     (no ring)

%: no passive effects
@: beast-form
A: beast (slay +2), almost no armour, amphibious, 8 rings, camouflage 1,
gelatinous body 1, (nimble swimmer 1), tentacles
a: Begin Untransformation


You were on level 2 of the Dungeon.
You were a hulking beast.
You visited 1 branch of the dungeon, and saw 2 of its levels.

You collected 53 gold pieces.

Inventory:

Talismans
 b - a beast talisman
 c - a flux talisman
Scrolls
 f - a scroll of brand weapon
 h - a scroll of revelation {unknown}
 i - a scroll of poison {unknown}
 j - 2 scrolls of teleportation
Potions
 a - a potion of lignification
 d - a potion of enlightenment {unknown}
 e - a potion of brilliance
 g - 4 potions of heal wounds
 k - a potion of berserk rage {unknown}
 l - a potion of curing {unknown}


   Skills:
 - Level 1.0 Fighting
 - Level 2.0 Dodging
 - Level 3.0 Unarmed Combat
 + Level 4.2 Shapeshifting


You had 2 spell levels left.
You didn't know any spells.
Your spell library contained the following spells:

 Spells                   Type           Power      Damage    Failure   Level
 Apportation              Tloc           0%         N/A       32%         1
 Necrotise                Necr           0%         1d4       32%         1
 Sting                    Conj/Alch      0%         1d3       32%         1
 Summon Small Mammal      Summ           0%         N/A       32%         1
 Blink                    Tloc           0%         N/A       45%         2
 Lesser Beckoning         Tloc           0%         N/A       45%         2
 Momentum Strike          Conj/Tloc      0%         3d8       45%         2


Dungeon Overview and Level Annotations

Branches:
Dungeon (2/15)

Altars:

Annotations:
D:2 Crazy Yiuf


Innate Abilities, Weirdness & Mutations

You are a hulking beast.
Your limbs bulge with bestial killing power. (Slay +2)
You cannot wear most types of armour.
You are amphibious.
You can wear up to eight rings at the same time.
Your skin changes colour to match your surroundings (Stealth+).
Your rubbery body absorbs attacks. (AC +1, EV +1)
((You are camouflaged when in or above water. (Stealth+)))
You have tentacles for arms and can constrict up to eight enemies at once.


Message History

The bat hits you but does no damage.
You miss the bat. Your grab misses the bat.
The bat is severely wounded.
The bat closely misses you. The bat barely misses you.
You tentacle-slap the bat.
You kill the bat!
You start resting.
HP restored.
You now have 41 gold pieces (gained 7).
k - a coppery potion
Found 12 gold pieces.
l - an amethyst potion You now have 53 gold pieces (gained 12).
Found a hammer.
Found a runed translucent door.
You open the door.
There is an open translucent door here.
The helpless Crazy Yiuf fails to defend himself.
You tentacle-slap Crazy Yiuf but do no damage.
Your grab misses Crazy Yiuf.
Crazy Yiuf hits you with a +3 quarterstaff of chaos!
You tentacle-slap Crazy Yiuf but do no damage.
Your grab misses Crazy Yiuf.
Crazy Yiuf hits you with a +3 quarterstaff of chaos!
You barely miss Crazy Yiuf. You grab Crazy Yiuf.
You constrict Crazy Yiuf, but do no damage.
Crazy Yiuf barely misses you.
You tentacle-slap Crazy Yiuf.
Crazy Yiuf is lightly wounded.
You constrict Crazy Yiuf.
Crazy Yiuf laughs, "Tosser!"
Crazy Yiuf closely misses you.
You tentacle-slap Crazy Yiuf.
Crazy Yiuf is moderately wounded.
You constrict Crazy Yiuf. Crazy Yiuf misses you.
You tentacle-slap Crazy Yiuf.
Crazy Yiuf is moderately wounded.
You constrict Crazy Yiuf.
Crazy Yiuf hits you with a +3 quarterstaff of chaos!
Ouch! That really hurt!
You die...

#####
#######
#)g.#
#.....#
#.h.#
#....^#
#...#
####.....#
##'## ####
#........###
#.## #..#
#.#####....#
##.# ##.#
#..##......#
#.## #..#
######
##.##.#...##
##.#
#..####....<
#.##.##..##
##.##
#...........
#.##.###..#
##...#
#...#.......


You could see Crazy Yiuf.

Vanquished Creatures
  A dart slug (D:2)
  A ribbon worm (D:2)
  3 ball pythons (D:1)
  6 endoplasms
  4 goblins
  2 hobgoblins
  3 jackals (D:2)
  A kobold (D:2)
  2 quokkas (D:1)
  5 bats
  A frilled lizard (D:1)
  2 rats
31 creatures vanquished.

Notes
Turn   | Place    | Note
-------+----------+-------------------------------------------
     0 | D:1      | Hellonello the Octopode Shapeshifter began the quest for
                  | the Orb.
     0 | D:1      | Reached XP level 1. HP: 13/13 MP: 1/1
   303 | D:1      | Found a faded altar of an unknown god.
   316 | D:1      | Reached XP level 2. HP: 4/18 MP: 2/2
  1024 | D:2      | Reached XP level 3. HP: 20/23 MP: 3/3
  1030 | D:2      | Reached skill level 4 in Shapeshifting
  1324 | D:2      | Found a runed translucent door.
  1325 | D:2      | Noticed Crazy Yiuf
  1337 | D:2      | Slain by Crazy Yiuf

Illustrated notes

Levels and vault maps discovered:
D:1:      dpeg_arrival_boxes_within_box, layout_basic, basic_ecumenical_altar
D:2:      layout_rooms, uniq_crazy_yiuf_cottage

Skill      XL: |  1  2  3 |
---------------+----------+-----
Shapeshifting  | 4 |  4.2
Fighting       | |  1.0
Dodging        | |  2.0
Unarmed Combat | |  3.0

Action                     || total
---------------------------++-------
  Melee: Unarmed           ||    60
         Constrict         ||     9
         Tentacles         ||     5
    Use: Scroll            ||     7
   Stab: Sleeping          ||     7
 Armour: Skin              ||    28
  Dodge: Dodged            ||    29

Table legend: (Time is in decaauts)
 A = Elapsed time spent in this place.
 B = Non-inter-level travel time spent in this place.
 C = Inter-level travel time spent in this place.
 D = Time resting spent in this place.
 E = Time spent auto-exploring this place.
 F = Levels seen in this place.
 G = Mean time per level.
                   A        B        C        D        E       F      G
               +--------+--------+--------+--------+--------+-----+--------+
         Total |   1333 |   1322 |     11 |    170 |    924 |   2 |  666.5 |
       Dungeon |   1333 |   1322 |     11 |    170 |    924 |   2 |  666.5 |
               +--------+--------+--------+--------+--------+-----+--------+

Top non-repeatable levels by time:
     D:1: 972 daAuts
     D:2: 361 daAuts
